 Dungeon Crawl Stone Soup version 0.28.0 (webtiles) character file.

Game seed: 9536819914221774728

19916 MacCMillion the Grappler (level 12, -1/126 HPs)
             Began as a Troll Monk on Feb 18, 2022.
             Was a High Priest of Makhleb.
             Slain by a nine-headed hydra (9 damage)
             ... on level 3 of the Lair of Beasts.
             The game lasted 00:30:38 (11744 turns).

MacCMillion the Grappler (Troll Monk)              Turns: 11744, Time: 00:30:39

Health: -1/126     AC:  5    Str: 32    XL:     12   Next: 40%
Magic:  18/18      EV: 10    Int:  6    God:    Makhleb [*****.]
Gold:   604        SH:  0    Dex: 12    Spells: 11/11 levels left

rFire   . . .      SeeInvis .     - Unarmed
rCold   . . .      Faith    .   (no shield)
rNeg    . . .      Spirit   .   a - +0 robe
rPois   .          Reflect  .   (helmet restricted)
rElec   .          Harm     .   o - +0 cloak
rCorr   .          Rampage  .   (gloves unavailable)
Will    .....                   (boots unavailable)
Stlth   ++........              e - amulet of magic regeneration
HPRegen 1.11/turn               x - +4 ring of slaying
MPRegen 0.56/turn               P - +6 ring of strength

@: no status effects
A: large, unfitting armour, claws 3, regeneration 1, shaggy fur 1, tough skin 1
a: Renounce Religion, Minor Destruction, Lesser Servant of Makhleb, Major
Destruction, Greater Servant of Makhleb


You were on level 3 of the Lair of Beasts.
You worshipped Makhleb.
Makhleb was extremely pleased with you.
You visited 3 branches of the dungeon, and saw 14 of its levels.
You also visited: Ossuary and Bailey.

You collected 604 gold pieces.

Inventory:

Hand Weapons
 J - a +0 giant spiked club
Missiles
 j - 30 poisoned darts
 q - 5 boomerangs
 y - 18 javelins
 I - a curare-tipped dart
 K - 4 throwing nets
Armour
 a - a +0 robe (worn)
 o - a +0 cloak (worn)
Jewellery
 e - an amulet of magic regeneration (around neck)
 k - a ring of magical power
 x - a +4 ring of slaying (left claw)
 D - a +6 ring of intelligence
 P - a +6 ring of strength (right claw)
 T - a ring of flight
 W - a ring of see invisible
 Z - an amulet of faith
Wands
 t - a wand of acid (10)
 N - a wand of charming (12)
 V - a wand of iceblast (2)
 X - a wand of flame (2)
Scrolls
 b - 2 scrolls of blinking
 d - a scroll of immolation {unknown}
 m - 2 scrolls of acquirement {unknown}
 n - 2 scrolls of torment {unknown}
 p - 6 scrolls of teleportation {unknown}
 s - a scroll of silence
 u - a scroll of summoning
 w - 4 scrolls of amnesia
 z - 3 scrolls of enchant weapon {unknown}
 C - a scroll of holy word {unknown}
 F - 3 scrolls of magic mapping {unknown}
 G - 2 scrolls of fog {unknown}
 H - a scroll of enchant armour
 M - a scroll of vulnerability
 S - a scroll of fear {unknown}
Potions
 c - 10 potions of curing
 f - 7 potions of heal wounds
 g - 3 potions of haste
 h - 2 potions of brilliance
 l - 4 potions of mutation
 v - 4 potions of berserk rage {unknown}
 A - a potion of magic {unknown}
 B - a potion of experience {unknown}
 E - 2 potions of might {unknown}
 L - 2 potions of cancellation {unknown}
 O - 2 potions of flight {unknown}
 Q - a potion of ambrosia {unknown}
 R - 2 potions of invisibility
Miscellaneous
 U - a box of beasts


   Skills:
 - Level 10.0 Fighting
 - Level 3.0 Dodging
 - Level 1.0 Stealth
 + Level 13.9 Unarmed Combat
 - Level 10.0 Invocations


You had 11 spell levels left.
You didn't know any spells.
Your spell library contained the following spells:

 Spells                   Type           Power      Damage    Failure   Level
 Foxfire                  Conj/Fire      0%         2x1d4     45%         1
 Sandblast                Erth           0%         2d4       45%         1
 Ensorcelled Hibernation  Hex/Ice        0%         N/A       58%         2
 Passwall                 Tmut/Erth      0%         N/A       58%         2
 Sublimation of Blood     Necr           0%         N/A       58%         2
 Call Canine Familiar     Summ           0%         N/A       83%         3
 Conjure Flame            Conj/Fire      0%         6-21      83%         3
 Inner Flame              Hex/Fire       0%         N/A       83%         3
 Portal Projectile        Hex/Tloc       0%         N/A       83%         3
 Spider Form              Tmut/Pois      0%         N/A       83%         3
 Stone Arrow              Conj/Erth      0%         3d7       83%         3
 Summon Guardian Golem    Hex/Summ       0%         N/A       83%         3
 Swiftness                Air            0%         N/A       83%         3
 Tukima's Dance           Hex            0%         N/A       83%         3
 Anguish                  Hex/Necr       0%         N/A       99%         4
 Flame Wave               Conj/Fire      0%         2d4       99%         4
 Leda's Liquefaction      Hex/Erth       0%         N/A       99%         4
 Olgreb's Toxic Radiance  Pois           0%         N/A       99%         4
 Passage of Golubria      Tloc           0%         N/A       99%         4
 Petrify                  Tmut/Erth      0%         N/A       99%         4
 Alistair's Intoxication  Tmut/Pois      0%         N/A       100%        5
 Borgnjor's Vile Clutch   Necr/Erth      0%         N/A       100%        5
 Irradiate                Conj/Tmut      0%         3d13      100%        5
 Lee's Rapid Deconstruct  Erth           0%         3d5*      100%        5
 Yara's Violent Unravell  Hex/Tmut       0%         3d3       100%        5
 Eringya's Noxious Bog    Tmut/Pois      0%         N/A       100%        6
 Orb of Destruction       Conj           0%         9d5       100%        7
 Spellforged Servitor     Conj/Summ      0%         N/A       100%        7


Dungeon Overview and Level Annotations

Branches:
Dungeon (10/15)            Temple (1/1) D:7            Lair (3/6) D:10
 Shoals (0/4) Lair:2       Spider (0/4) Lair:2          Orc (0/2) D:10
Ossuary (visited)          Bailey (visited)

Altars:
Ashenzari
Cheibriados
Dithmenos
Elyvilon
Fedhas
Gozag
Hepliaklqana
Kikubaaqudgha
Makhleb
Nemelex Xobeh
Okawaru
Qazlal
Ru
Sif Muna
Trog
Uskayaw
Vehumet
Wu Jian
Xom
Yredelemnul
Zin
The Shining One

Annotations:
D:6 3 runed translucent doors, solaroid's ghost, amateur DENe
D:9 3 runed translucent doors, aoei's ghost, novice MiBe


Innate Abilities, Weirdness & Mutations

You are too large for most types of armour.
You have claws for hands.
Your natural rate of healing is unusually fast.
You are covered in fur. (AC +1)
You have tough skin. (AC +1)


Message History

The eight-headed hydra bites you!
Your ynoxinul gestures.
Your ufetubus hits the fungus. x2
Your ufetubus hits the eight-headed hydra. x2
You swap places.
The eight-headed hydra bites your ufetubus!
Your ufetubus dies!
Your ufetubus disappears in a puff of smoke!
The eight-headed hydra bites your ufetubus!
Your ufetubus dies!
Your ufetubus disappears in a puff of smoke!
The eight-headed hydra bites your ufetubus.
The eight-headed hydra barely misses your ufetubus.
The eight-headed hydra bites your ufetubus!
Your ufetubus dies!
Your ufetubus disappears in a puff of smoke!
You swap places.
Your ufetubus hits the eight-headed hydra. x2
The eight-headed hydra barely misses your ufetubus.
The eight-headed hydra bites your ufetubus but does no damage.
The eight-headed hydra bites your ufetubus.
The eight-headed hydra bites your ufetubus!
Your ufetubus dies!
Your ufetubus disappears in a puff of smoke!
The eight-headed hydra closely misses you.
The eight-headed hydra misses you. The eight-headed hydra bites you! x2
Your ynoxinul gestures.
You tear one of the eight-headed hydra's heads off!
The seven-headed hydra grows two more!
You claw the nine-headed hydra!
The nine-headed hydra is heavily wounded.
The nine-headed hydra bites you! x2
* * * LOW HITPOINT WARNING * * *
The nine-headed hydra bites you.
* * * LOW HITPOINT WARNING * * *
The nine-headed hydra bites you!
* * * LOW HITPOINT WARNING * * *
The nine-headed hydra bites you!
* * * LOW HITPOINT WARNING * * *
The nine-headed hydra bites you!
You die...

........ #......# ##......##
#.... .#........## .....
#.........P# ....
#.........P##... .#
..............§..###..## .## #P.
........# #§5D##....# .P#.....
........# ##5@PP...# ..#... .
........# ##.3...####........
........# #.......#....# ..
.......# ##.5P##....>#.# P..
##......# #..###P......## #...
#.<.....## ###.. ##.......##....
#.!.....P# #...###.....##.......
........### #P....#......#.#.....
..........###..##.........##....#


You could see a nine-headed hydra (ally target), a friendly ynoxinul (summoned)
and 3 friendly ufetubi.

Vanquished Creatures
  Harold (D:7)
  3 two-headed ogres
  Urug (D:10)
  4 cane toads
  A rime drake (Lair:2)
  12 komodo dragons
  4 blink frogs (Lair:1)
  2 shadows
  3 wraiths
  21 yaks
  5 basilisks (Lair:2)
  2 redbacks (Lair:2)
  Grum (D:9)
  5 water moccasins
  3 orc warriors (D:8)
  2 sky beasts
  2 ice beasts
  2 hornet zombies (Ossuary)
  3 black bears
  4 ogres
  2 necrophages (D:7)
  5 centaurs
  15 wolves
  3 kobold brigands
  2 phantoms
  Blork the orc (D:6)
  7 bullfrogs
  2 wyvern zombies (Ossuary)
  2 scorpions (D:5)
  2 water moccasin skeletons (D:4)
  A water moccasin zombie (Ossuary)
  A wyvern skeleton (D:7)
  An electric eel (Lair:2)
  4 wights (D:9)
  A howler monkey (D:6)
  4 centaur zombies
  7 bullfrog zombies (Ossuary)
  2 jellies
  3 orc priests
  2 bullfrog skeletons (D:6)
  2 hounds
  A gnoll shaman (D:6)
  14 mummies (Ossuary)
  12 iguanas
  5 orc wizards
  2 scorpion zombies (D:5)
  4 killer bee zombies
  A hound zombie (D:5)
  2 howler monkey zombies (Ossuary)
  11 gnolls
  5 adders
  A howler monkey skeleton (D:6)
  2 ufetubi
  An adder skeleton (D:2)
  4 worms (D:2)
  A dart slug (D:3)
  22 orcs
  4 ball pythons
  5 endoplasms
  A giant cockroach (D:1)
  4 goblins
  5 hobgoblins
  14 jackals
  4 quokkas
  4 bats
  19 frilled lizards
  15 kobolds
  5 rats
318 creatures vanquished.

Vanquished Creatures (others)
  2 fungi (Lair:2)
  7 plants
  6 withered plants (Ossuary)
15 creatures vanquished.

Grand Total: 333 creatures vanquished

Notes
Turn   | Place    | Note
-------+----------+-------------------------------------------
     0 | D:1      | MacCMillion the Troll Monk began the quest for the Orb.
     0 | D:1      | Reached XP level 1. HP: 22/22 MP: 0/0
   112 | D:1      | Reached XP level 2. HP: 29/29 MP: 1/1
   277 | D:1      | Found a faded altar of an unknown god.
   403 | D:1      | Reached XP level 3. HP: 36/36 MP: 2/2
   731 | D:2      | Reached XP level 4. HP: 45/45 MP: 3/3
  1173 | D:3      | Reached skill level 4 in Unarmed Combat
  1299 | D:3      | Reached XP level 5. HP: 39/53 MP: 4/4
  2165 | D:4      | Got the Collected Works on Stones and Poison
  2469 | D:4      | Noticed an ogre
  2480 | D:4      | Killed an ogre
  2481 | D:4      | Reached skill level 5 in Unarmed Combat
  2481 | D:4      | Reached XP level 6. HP: 27/62 MP: 5/5
  2560 | D:4      | Found a shimmering blue altar of Sif Muna.
  2804 | D:5      | Entered Level 5 of the Dungeon
  2819 | D:5      | Reached XP level 7. HP: 71/71 MP: 6/6
  2883 | D:5      | Reached skill level 5 in Fighting
  2883 | D:5      | Reached skill level 6 in Unarmed Combat
  3070 | D:5      | Reached skill level 7 in Unarmed Combat
  3070 | D:5      | Reached XP level 8. HP: 59/83 MP: 7/7
  3522 | D:6      | Found a runed translucent gate.
  3522 | D:6      | Found a runed translucent gate.
  3523 | D:6      | Found a runed translucent gate.
  3580 | D:6      | Found a sand-covered staircase.
  3584 | Ossuary  | Entered an ossuary
  3668 | Ossuary  | Reached skill level 8 in Unarmed Combat
  3876 | Ossuary  | Reached XP level 9. HP: 79/93 MP: 8/8
  3910 | Ossuary  | Reached skill level 9 in Unarmed Combat
  4059 | D:6      | Noticed solaroid's ghost (amateur DENe)
  4147 | D:6      | Noticed Blork the orc
  4687 | D:6      | Killed Blork the orc
  5371 | D:7      | Reached skill level 10 in Unarmed Combat
  5395 | D:7      | Noticed Harold
  5407 | D:7      | Killed Harold
  5603 | D:7      | Reached XP level 10. HP: 76/106 MP: 9/9
  5640 | D:7      | Found a staircase to the Ecumenical Temple.
  5660 | Temple   | Entered the Ecumenical Temple
  5890 | Temple   | Became a worshipper of Makhleb the Destroyer
  5890 | Temple   | Reached * piety under Makhleb
  5890 | Temple   | Reached ** piety under Makhleb
  6317 | D:7      | Reached skill level 1 in Invocations
  6943 | D:9      | Reached skill level 11 in Unarmed Combat
  6976 | D:9      | Found a flagged portal.
  6985 | Bailey   | Entered a bailey
  7265 | D:9      | Found a runed translucent gate.
  7265 | D:9      | Found a runed translucent gate.
  7272 | D:9      | Found a runed translucent gate.
  7272 | D:9      | Noticed aoei's ghost (novice MiBe)
  7364 | D:9      | Noticed Grum
  7377 | D:9      | Killed Grum
  7559 | D:9      | Identified the +7 giant club "Niufawo" {elec, rPois rF+
                  | rC++ Dex-2}
  7613 | D:9      | Noticed a two-headed ogre
  7620 | D:9      | Killed a two-headed ogre
  7621 | D:9      | Reached skill level 5 in Invocations
  7714 | D:9      | Noticed a two-headed ogre
  7724 | D:9      | Killed a two-headed ogre
  7897 | D:9      | Reached XP level 11. HP: 112/116 MP: 14/14
  8303 | D:10     | Entered Level 10 of the Dungeon
  8303 | D:10     | Found a staircase to the Orcish Mines.
  8306 | D:10     | Noticed Urug
  8313 | D:10     | Noticed a two-headed ogre
  8608 | D:9      | Reached *** piety under Makhleb
  8961 | D:10     | Killed Urug
  8962 | D:10     | Reached skill level 10 in Fighting
  9119 | D:10     | Found a staircase to the Lair.
  9160 | D:10     | Killed a two-headed ogre
  9161 | D:10     | Reached skill level 12 in Unarmed Combat
  9289 | Lair:1   | Entered Level 1 of the Lair of Beasts
 10470 | Lair:2   | Reached **** piety under Makhleb
 10569 | Lair:2   | Reached XP level 12. HP: 126/126 MP: 16/18
 10934 | Lair:2   | Found a hole to the Spider Nest.
 11016 | Lair:2   | Reached skill level 13 in Unarmed Combat
 11050 | Lair:2   | Reached skill level 10 in Invocations
 11150 | Lair:2   | Reached ***** piety under Makhleb
 11427 | Lair:2   | Found a staircase to the Shoals.
 11735 | Lair:3   | Noticed an eight-headed hydra
 11744 | Lair:3   | Slain by a nine-headed hydra

Illustrated notes

Levels and vault maps discovered:
D:1:      lightli_arrival_noodles, layout_rooms, ebering_ecumenical_altar_hall,
          minmay_splitting_lines
D:2:      layout_basic, minmay_lizard_pond
D:3:      layout_basic, chequers_serial_rivers_large_b
D:4:      layout_basic, nicolae_sif_muna_little_library
D:5:      layout_cave_pools, serial_bayou_lake_a
D:6:      layout_gridville, gammafunk_ghost_icy, enter_ossuary_5,
          kennysheep_generic_room_7, uniq_blork_the_orc
D:7:      layout_loops_ring, minmay_temple_entry_slanted, uniq_harold
D:8:      layout_rooms, corner_web_ring, grunt_ministairs_7, minmay_checkerbox
D:9:      layout_basic, enter_bailey_8, ebering_ghost_rock_garden, uniq_grum
D:10:     layout_rooms, lair_entry_dummy, orc_0_dummy, uniq_urug
Temple:   mainiacjoe_temple_archimedes_tessellation
Lair:1:   layout_regular_city
Lair:2:   lemuel_reptile_caves, layout_loops_ring, shoals_dummy_entry,
          spider_nest_entry_webs, chequers_serial_rivers_small_b,
          chequers_serial_rivers_room_b, grunt_megastairs_3
Lair:3:   layout_layer_cave

Skill      XL: |  1  2  3  4  5  6  7  8  9 10 11 12 |
---------------+-------------------------------------+-----
Fighting       | 3 4 5 7 8 9 10 | 10.0
Dodging        | 3 |  3.0
Unarmed Combat | 4 5 7 8 10 11 12 13 | 13.9
Invocations    | 5 9 10 | 10.0
Stealth        | |  1.0

Action                   |  1- 3 |  4- 6 |  7- 9 | 10-12 || total
-------------------------+-------+-------+-------+-------++-------
Melee: Unarmed           |    68 |   143 |   284 |   390 ||   885
       Punch             |     3 |     5 |    11 |    31 ||    50
Throw: Dart              |       |     3 |     1 |     7 ||    11
       Boomerang         |       |       |       |     1 ||     1
Invok: Minor Destruction |       |       |       |    19 ||    19
       Lesser Servant of |       |       |       |     1 ||     1
  Use: Scroll            |       |       |     6 |     9 ||    15
 Stab: Sleeping          |       |     4 |     1 |     2 ||     7
Armor: Robe              |    27 |    67 |    95 |    69 ||   258
Dodge: Dodged            |    33 |   120 |   161 |   186 ||   500
